Cape Breton Oilers vs Adelaide Pink Elephants

Created - Monday, August 11, 2025 at 07:36

Goals
1 2 3 T
Cape Breton Oilers 1 0 0 1
Adelaide Pink Elephants 2 2 3 7
Shots
1 2 3 T
Cape Breton Oilers 9 11 18 38
Adelaide Pink Elephants 13 16 11 40

1st period

1. Adelaide Pink Elephants , Tristan Luneau 1 (Josh Doan 7, Tyson Foerster 5) at 7:03 (PP)
2. Adelaide Pink Elephants , Tyson Foerster 10 (Ville Heinola 2) at 8:10
3. Cape Breton Oilers , Luke Evangelista 6 (Conor Geekie 2) at 15:40

Penalties :
Carl Grundstrom (CBO) for Hooking (Minor) at 6:57, Maveric Lamoureux (APE) for Interference (Minor) at 12:53, Max Jones (CBO) for Roughing (Minor) at 18:13

2nd period

4. Adelaide Pink Elephants , Sean Farrell 4 (Isaiah George 1, Oliver Wahlstrom 5) at 2:15
5. Adelaide Pink Elephants , Sean Farrell 5 (Tristan Luneau 3) at 17:03

Penalties :
Damian Clara (CBO) for Slashing (Minor) at 2:25 - Matt Luff served the penalty, Kevin Bahl (CBO) for High sticking (Minor) at 9:39

3rd period

6. Adelaide Pink Elephants , Maveric Lamoureux 1 (Unassisted) at 3:55
7. Adelaide Pink Elephants , Ryan Suzuki 4 (Oliver Wahlstrom 6, Tyson Foerster 6) at 6:06
8. Adelaide Pink Elephants , Oliver Wahlstrom 7 (Ilya Solovyov 3, Sean Farrell 5) at 19:55 (PP)

Penalties :
Kevin Bahl (CBO) for Holding (Minor) at 0:18, Maveric Lamoureux (APE) for Interference (Minor) at 4:00, Maveric Lamoureux (APE) for Fighting (Major) at 7:44, Vladislav Kolyachonok (CBO) for Fighting (Major) at 7:44, Maveric Lamoureux (APE) for instigated a fight (Minor) at 7:44, Maveric Lamoureux (APE) for instigated a fight (10 Minutes Misconduct) at 7:44, Dominic Toninato (CBO) for Hooking (Minor) at 19:44

Goalie Stats

Damian Clara (CBO), 33 saves from 40 shots - (0.825), L, 2-3-0, 60:00 minutes
Matthew Murray (APE), 37 saves from 38 shots - (0.974), W, 5-0-0, 60:00 minutes

Players Stats for Cape Breton Oilers

Player Name              G  A  P  +/- PIM S  H  SB GA TA FO     MP     PP MP  PK MP  
------------------------------------------------------------------------------------
                         0  0  0   0  0   0  0  0  0  0  0/0     0:00   0:00   0:00 
Alexandre Texier         0  0  0  -2  0   6  0  1  0  0  1/3    16:12   3:08   0:00 
Brennan Othmann          0  0  0  -1  0   1  1  0  0  0  0/0     6:37   0:00   0:00 
Carl Grundstrom          0  0  0  -2  2   2  2  1  0  1  0/1    20:11   3:08   3:51 
Chase Stillman           0  0  0  -1  0   0  0  0  0  0  0/0     6:37   0:00   0:00 
Colin White              0  0  0  -1  0   0  0  0  0  0  3/8    14:31   0:04   0:00 
Conor Geekie             0  1  1   0  0   4  1  1  0  0  11/30  18:25   2:45   4:07 
Dominic Toninato         0  0  0  -3  2   3  2  0  0  0  16/26  20:23   3:12   3:56 
Josh Bloom               0  0  0  -1  0   0  0  0  0  0  0/0     1:49   0:04   0:03 
Kevin Bahl               0  0  0  -2  4   2  2  1  0  1  0/0    23:59   3:28   1:52 
Luke Evangelista         1  0  1  -1  0   5  0  0  1  0  3/8    23:27   2:45   4:07 
Matt Luff                0  0  0   0  0   4  2  0  0  0  0/0    14:18   2:45   0:00 
Max Jones                0  0  0   0  2   1  5  1  0  1  0/0    14:50   0:00   0:22 
Maxim Groshev            0  0  0   0  0   2  1  0  0  0  0/0    14:20   0:00   0:00 
Nolan Allan              0  0  0   0  0   2  2  2  0  3  0/0    21:23   2:29   4:21 
Seamus Casey             0  0  0  -2  0   3  0  1  0  0  0/0    14:43   0:22   0:34 
Vladislav Kolyachonok    0  0  0   0  5   1  0  1  0  1  0/0    18:51   2:07   4:11 
William Trudeau          0  0  0  -2  0   1  1  0  0  0  0/0    13:50   0:00   1:36 
Wyatt Kaiser             0  0  0  -2  0   1  0  4  0  1  0/0    27:15   3:28   3:52 

Players Stats for Adelaide Pink Elephants

Player Name              G  A  P  +/- PIM S  H  SB GA TA FO     MP     PP MP  PK MP  
------------------------------------------------------------------------------------
                         0  0  0   0  0   0  0  0  0  0  0/0     0:00   0:00   0:00 
Akil Thomas              0  0  0   0  0   0  1  0  0  0  2/7     5:09   0:00   0:00 
Carson Lambos            0  0  0   1  0   0  0  0  0  0  0/0     6:57   0:00   0:25 
Daemon Hunt              0  0  0   0  0   1  0  0  0  0  0/0    13:33   0:00   0:00 
Graeme Clarke            0  0  0   0  0   0  0  0  0  0  0/0     2:49   0:15   0:00 
Ilya Solovyov            0  1  1   1  0   2  1  0  0  0  0/0    21:47   3:55   3:01 
Isaiah George            0  1  1   1  0   1  0  1  0  0  0/0    21:47   3:55   3:01 
Joakim Kemell            0  0  0  -1  0   6  4  0  1  0  0/0    13:29   0:05   0:00 
Josh Doan                0  1  1   1  0   3  1  1  1  0  0/0    19:50   3:56   2:34 
Julian Lutz              0  0  0   3  0   1  1  1  0  0  0/3    17:54   4:02   0:00 
Matyas Sapovaliv         0  0  0  -1  0   2  0  1  0  0  6/15   14:52   0:00   0:41 
Maveric Lamoureux        1  0  1   3  21  0  4  2  1  1  0/0    14:49   4:18   0:00 
Oliver Wahlstrom         1  2  3   3  0   7  0  0  2  0  0/1    21:04   4:06   3:01 
Ryan Suzuki              1  0  1   2  0   2  3  2  0  0  18/26  19:41   4:02   2:42 
Sean Farrell             2  1  3   3  0   5  1  0  2  0  12/16  18:02   4:11   0:00 
Tristan Luneau           1  1  2   3  0   3  0  3  0  0  0/0    26:17   4:18   2:56 
Tyson Foerster           1  2  3   1  0   3  0  3  1  0  4/7    23:56   4:02   2:56 
Ville Heinola            0  1  1   0  0   1  0  2  0  0  0/0    14:59   0:00   2:31 
Yegor Sidorov            0  0  0  -1  0   3  2  0  0  0  0/1    17:04   0:00   0:00 

3 Stars

1 - Sean Farrell (APE)
2 - Matthew Murray (APE)
3 - Oliver Wahlstrom (APE)

Power Play

Cape Breton Oilers - 0 on 3 Attempt(s) - 0.00%
Adelaide Pink Elephants - 2 on 6 Attempt(s) - 33.33%

Penalty Kill

Cape Breton Oilers - 4 on 6 Attempt(s) - 66.67% - Score 0 goal in Penalty Kill
Adelaide Pink Elephants - 3 on 3 Attempt(s) - 100.00% - Score 0 goal in Penalty Kill

Team Stat

Cape Breton Oilers - Hits : 19 - Faceoff Wins : 34 - Blocked Shots : 13 - Penalty Minutes : 17
Adelaide Pink Elephants - Hits : 18 - Faceoff Wins : 42 - Blocked Shots : 16 - Penalty Minutes : 21

Official

Referees : Ghislain Hebert and Brandon Schrader
Linesman : Jesse Marquis and Ryan Galloway

Game Notes

3:55 of 3rd period - Penalty Shot by Maveric Lamoureux for Adelaide Pink Elephants - Goal!
Maveric Lamoureux and Vladislav Kolyachonok fight to a draw at 7:44 of 3rd period

Cape Breton Oilers

5 vs 5 Forward 
   Center                   Left Wing                Right Wing               Time % Phy DF OF 
 1 Conor Geekie             Matt Luff                Luke Evangelista         30     1   2  2  
 2 Dominic Toninato         Alexandre Texier         Carl Grundstrom          30     1   2  2  
 3 Colin White              Max Jones                Maxim Groshev            25     1   2  2  
 4 Luke Evangelista         Brennan Othmann          Chase Stillman           15     1   2  2  

5 vs 5 Defense 
   Defense                  Defense                                           Time % Phy DF OF 
 1 Kevin Bahl               Wyatt Kaiser                                      30     1   2  2  
 2 Nolan Allan              Vladislav Kolyachonok                             30     1   2  2  
 3 Seamus Casey             William Trudeau                                   25     1   2  2  
 4 Kevin Bahl               Wyatt Kaiser                                      15     1   2  2  

PowerPlay Forward 
   Center                   Left Wing                Right Wing               Time % Phy DF OF 
 1 Conor Geekie             Matt Luff                Luke Evangelista         50     1   2  2  
 2 Dominic Toninato         Alexandre Texier         Carl Grundstrom          50     1   2  2  

PowerPlay Defense
   Defense                  Defense                                           Time % Phy DF OF 
 1 Kevin Bahl               Wyatt Kaiser                                      50     1   2  2  
 2 Nolan Allan              Vladislav Kolyachonok                             50     1   2  2  

Penalty Kill 4 Players Forward 
   Center                   Wing                     Time % Phy DF OF 
 1 Luke Evangelista         Conor Geekie             50     1   2  2  
 2 Dominic Toninato         Carl Grundstrom          50     1   2  2  

Penalty Kill 4 Players Defense
   Defense                  Defense                  Time % Phy DF OF 
 1 Kevin Bahl               Wyatt Kaiser             50     1   2  2  
 2 Nolan Allan              Vladislav Kolyachonok    50     1   2  2  

Penalty Kill - 3 Players Forward 
   Forward                                           Time % Phy DF OF 
 1 Luke Evangelista                                  50     1   2  2  
 2 Conor Geekie                                      50     1   2  2  

Penalty Kill - 3 Players Defense
   Defense                  Defense                  Time % Phy DF OF 
 1 Kevin Bahl               Wyatt Kaiser             50     1   2  2  
 2 Nolan Allan              Vladislav Kolyachonok    50     1   2  2  

4 vs 4 Forward 
   Center                   Wing                     Time % Phy DF OF 
 1 Luke Evangelista         Conor Geekie             50     1   2  2  
 2 Dominic Toninato         Carl Grundstrom          50     1   2  2  

4 vs 4 Defense
   Defense                  Defense                  Time % Phy DF OF 
 1 Kevin Bahl               Wyatt Kaiser             50     1   2  2  
 2 Nolan Allan              Vladislav Kolyachonok    50     1   2  2  

Last Minutes Offensive
   Center                   Left Wing                Right Wing               Defense                  Defense                  
   Conor Geekie             Matt Luff                Luke Evangelista         Kevin Bahl               Wyatt Kaiser             

Last Minutes Defensive
   Center                   Left Wing                Right Wing               Defense                  Defense                  
   Conor Geekie             Matt Luff                Luke Evangelista         Kevin Bahl               Wyatt Kaiser             

Goaltenders
Starting : Damian Clara             
Backup : Jacob Ingham             

Extra Forwards
Normal : Josh Bloom, Colin White, Max Jones - PP : Josh Bloom, Colin White - PK : Max Jones
Extra Defensemen
Normal : Seamus Casey, William Trudeau, Nolan Allan - PP : Seamus Casey - PK : William Trudeau, Nolan Allan
Penalty Shots
Luke Evangelista, Conor Geekie, Dominic Toninato, Carl Grundstrom, Matt Luff

Scratches
Michael Benning (Healthy), Jack Peart (Healthy), Hunter Jones (Healthy), Ethan Haider (Healthy), Joel Blomqvist (Healthy)

Adelaide Pink Elephants

5 vs 5 Forward 
   Center                   Left Wing                Right Wing               Time % Phy DF OF 
 1 Ryan Suzuki              Tyson Foerster           Josh Doan                30     1   2  2  
 2 Sean Farrell             Julian Lutz              Oliver Wahlstrom         30     1   2  2  
 3 Matyas Sapovaliv         Yegor Sidorov            Joakim Kemell            25     1   2  2  
 4 Akil Thomas              Tyson Foerster           Yegor Sidorov            15     1   2  2  

5 vs 5 Defense 
   Defense                  Defense                                           Time % Phy DF OF 
 1 Tristan Luneau           Maveric Lamoureux                                 30     1   2  2  
 2 Isaiah George            Ilya Solovyov                                     30     1   2  2  
 3 Daemon Hunt              Ville Heinola                                     25     1   2  2  
 4 Carson Lambos            Tristan Luneau                                    15     1   2  2  

PowerPlay Forward 
   Center                   Left Wing                Right Wing               Time % Phy DF OF 
 1 Ryan Suzuki              Tyson Foerster           Josh Doan                50     1   2  2  
 2 Sean Farrell             Julian Lutz              Oliver Wahlstrom         50     1   2  2  

PowerPlay Defense
   Defense                  Defense                                           Time % Phy DF OF 
 1 Tristan Luneau           Maveric Lamoureux                                 50     1   2  2  
 2 Isaiah George            Ilya Solovyov                                     50     1   2  2  

Penalty Kill 4 Players Forward 
   Center                   Wing                     Time % Phy DF OF 
 1 Tyson Foerster           Josh Doan                50     1   2  2  
 2 Ryan Suzuki              Oliver Wahlstrom         50     1   2  2  

Penalty Kill 4 Players Defense
   Defense                  Defense                  Time % Phy DF OF 
 1 Tristan Luneau           Maveric Lamoureux        50     1   2  2  
 2 Isaiah George            Ilya Solovyov            50     1   2  2  

Penalty Kill - 3 Players Forward 
   Forward                                           Time % Phy DF OF 
 1 Tyson Foerster                                    50     1   2  2  
 2 Josh Doan                                         50     1   2  2  

Penalty Kill - 3 Players Defense
   Defense                  Defense                  Time % Phy DF OF 
 1 Tristan Luneau           Maveric Lamoureux        50     1   2  2  
 2 Isaiah George            Ilya Solovyov            50     1   2  2  

4 vs 4 Forward 
   Center                   Wing                     Time % Phy DF OF 
 1 Tyson Foerster           Josh Doan                50     1   2  2  
 2 Ryan Suzuki              Oliver Wahlstrom         50     1   2  2  

4 vs 4 Defense
   Defense                  Defense                  Time % Phy DF OF 
 1 Tristan Luneau           Maveric Lamoureux        50     1   2  2  
 2 Isaiah George            Ilya Solovyov            50     1   2  2  

Last Minutes Offensive
   Center                   Left Wing                Right Wing               Defense                  Defense                  
   Ryan Suzuki              Tyson Foerster           Josh Doan                Tristan Luneau           Maveric Lamoureux        

Last Minutes Defensive
   Center                   Left Wing                Right Wing               Defense                  Defense                  
   Ryan Suzuki              Tyson Foerster           Josh Doan                Tristan Luneau           Maveric Lamoureux        

Goaltenders
Starting : Matthew Murray           
Backup : Tomas Suchanek           

Extra Forwards
Normal : Graeme Clarke, Joakim Kemell, Matyas Sapovaliv - PP : Graeme Clarke, Joakim Kemell - PK : Matyas Sapovaliv
Extra Defensemen
Normal : Daemon Hunt, Ville Heinola, Carson Lambos - PP : Daemon Hunt - PK : Ville Heinola, Carson Lambos
Penalty Shots
Tyson Foerster, Josh Doan, Ryan Suzuki, Oliver Wahlstrom, Joakim Kemell

Scratches
Tristen Robins (Healthy), Francesco Pinelli (Healthy), Brett Harrison (Healthy), Otto Stenberg (Healthy), Jakub Brabenec (Healthy)
William Wallinder (Healthy), Paul Ludwinski (Healthy), Carson Bantle (Healthy)

% Time on Ice - Cape Breton Oilers

Lines # - Real PCT - Wanted PCT - Time Play
Normal Forward
1 - 25% - 30% - 11:33
2 - 29% - 30% - 13:20
3 - 31% - 25% - 14:20
4 - 14% - 15% - 6:37
Normal Defense
1 - 31% - 30% - 14:18
2 - 32% - 30% - 14:33
3 - 25% - 25% - 11:22
4 - 12% - 15% - 5:37
PP Forward
1 - 46% - 50% - 2:45
2 - 54% - 50% - 3:12
PP Defense
1 - 58% - 50% - 3:28
2 - 42% - 50% - 2:29
PK Forward
1 - 51% - 50% - 4:10
2 - 49% - 50% - 4:03
PK Defense
1 - 49% - 50% - 4:02
2 - 51% - 50% - 4:11
PK3 Forward
1 - 0% - 50%
2 - 0% - 50%
PK3 Defense
1 - 0% - 50%
2 - 0% - 50%
44 Forward
1 - 0% - 50%
2 - 0% - 50%
44 Defense
1 - 0% - 50%
2 - 0% - 50%
Last Minute Offensive  - 0:00
Last Minute Defensive  - 0:00
Total
Forward - 60:00
Defense - 60:00

% Time on Ice - Adelaide Pink Elephants

Lines # - Real PCT - Wanted PCT - Time Play
Normal Forward
1 - 29% - 30% - 13:28
2 - 30% - 30% - 13:58
3 - 29% - 25% - 13:15
4 - 11% - 15% - 5:09
Normal Defense
1 - 31% - 30% - 14:10
2 - 32% - 30% - 14:51
3 - 25% - 25% - 11:40
4 - 11% - 15% - 5:09
PP Forward
1 - 49% - 50% - 4:02
2 - 51% - 50% - 4:11
PP Defense
1 - 52% - 50% - 4:18
2 - 48% - 50% - 3:55
PK Forward
1 - 49% - 50% - 2:56
2 - 51% - 50% - 3:01
PK Defense
1 - 49% - 50% - 2:56
2 - 51% - 50% - 3:01
PK3 Forward
1 - 0% - 50%
2 - 0% - 50%
PK3 Defense
1 - 0% - 50%
2 - 0% - 50%
44 Forward
1 - 0% - 50%
2 - 0% - 50%
44 Defense
1 - 0% - 50%
2 - 0% - 50%
Last Minute Offensive  - 0:00
Last Minute Defensive  - 0:00
Total
Forward - 60:00
Defense - 60:00

Play-by-Play

1st period


0:01 of 1st period - Ryan Suzuki wins face-off versus Conor Geekie in neutral zone.
0:08 of 1st period - Kevin Bahl is hit by Maveric Lamoureux and loses puck.
0:32 of 1st period - Slapshot by Alexandre Texier.
0:32 of 1st period - Shot Blocked by Maveric Lamoureux.
0:40 of 1st period - Vladislav Kolyachonok is hit by Julian Lutz and loses puck.
0:51 of 1st period - Ilya Solovyov is hit by Max Jones and loses puck.
1:34 of 1st period - Wrist shot by Oliver Wahlstrom.
1:34 of 1st period - Stopped by Damian Clara with a rebound.
1:53 of 1st period - Slapshot by Max Jones.
1:53 of 1st period - Shot Blocked by Ville Heinola.
1:55 of 1st period - Slapshot by Kevin Bahl.
1:55 of 1st period - Stopped by Matthew Murray without a rebound.
1:56 of 1st period - Matyas Sapovaliv wins face-off versus Colin White in Adelaide Pink Elephants zone.
1:56 of 1st period - Matyas Sapovaliv is hit by Max Jones.
2:28 of 1st period - Wrist shot by Joakim Kemell.
2:28 of 1st period - Shot Misses the Net.
2:30 of 1st period - Slapshot by Matyas Sapovaliv.
2:30 of 1st period - Stopped by Damian Clara with a rebound.
2:38 of 1st period - Snap shot by Yegor Sidorov.
2:38 of 1st period - Stopped by Damian Clara with a rebound.
3:22 of 1st period - Wrist shot by Yegor Sidorov.
3:22 of 1st period - Deflect By Joakim Kemell.
3:22 of 1st period - Shot Misses the Net.
3:22 of 1st period - Puck is out of play.
3:23 of 1st period - Dominic Toninato wins face-off versus Sean Farrell in Cape Breton Oilers zone.
3:33 of 1st period - Icing by Kevin Bahl.
3:34 of 1st period - Ryan Suzuki wins face-off versus Dominic Toninato in Cape Breton Oilers zone.
3:38 of 1st period - Off-side.
3:39 of 1st period - Ryan Suzuki wins face-off versus Conor Geekie in neutral zone.
4:15 of 1st period - Wrist shot by Oliver Wahlstrom.
4:15 of 1st period - Shot Misses the Net.
4:17 of 1st period - Wrist shot by Julian Lutz.
4:17 of 1st period - Shot Blocked by Alexandre Texier.
4:19 of 1st period - Slapshot by Ilya Solovyov.
4:19 of 1st period - Stopped by Damian Clara without a rebound.
4:20 of 1st period - Akil Thomas wins face-off versus Luke Evangelista in Cape Breton Oilers zone.
5:03 of 1st period - Icing by Tyson Foerster.
5:04 of 1st period - Ryan Suzuki wins face-off versus Colin White in Adelaide Pink Elephants zone.
5:09 of 1st period - Snap shot by Josh Doan.
5:09 of 1st period - Shot Blocked by Kevin Bahl.
6:02 of 1st period - Off-side.
6:03 of 1st period - Matyas Sapovaliv wins face-off versus Dominic Toninato in neutral zone.
6:18 of 1st period - Slapshot by Carl Grundstrom.
6:18 of 1st period - Stopped by Matthew Murray with a rebound.
6:28 of 1st period - Vladislav Kolyachonok is hit by Sean Farrell and loses puck.
6:53 of 1st period - Snap shot by Tyson Foerster.
6:53 of 1st period - Stopped by Damian Clara without a rebound.
6:54 of 1st period - Akil Thomas wins face-off versus Dominic Toninato in Cape Breton Oilers zone.
6:55 of 1st period - Slapshot by Tyson Foerster.
6:55 of 1st period - Stopped by Damian Clara with a rebound.
6:57 of 1st period - Minor Penalty to Carl Grundstrom for Hooking.
6:58 of 1st period - Ryan Suzuki wins face-off versus Luke Evangelista in Cape Breton Oilers zone.
7:01 of 1st period - Snap shot by Josh Doan.
7:01 of 1st period - Stopped by Damian Clara with a rebound.
7:03 of 1st period - Slapshot by Tristan Luneau.
7:03 of 1st period - Goal by Tristan Luneau - Cape Breton Oilers : 0 - Adelaide Pink Elephants : 1.
7:04 of 1st period - Dominic Toninato wins face-off versus Tyson Foerster in neutral zone.
7:11 of 1st period - Snap shot by Dominic Toninato.
7:11 of 1st period - Shot Misses the Net.
7:16 of 1st period - Off-side.
7:17 of 1st period - Conor Geekie wins face-off versus Akil Thomas in neutral zone.
7:20 of 1st period - Akil Thomas is hit by Conor Geekie and loses puck.
7:25 of 1st period - Wrist shot by Luke Evangelista.
7:25 of 1st period - Shot Misses the Net.
8:10 of 1st period - Snap shot by Tyson Foerster.
8:10 of 1st period - Goal by Tyson Foerster - Cape Breton Oilers : 0 - Adelaide Pink Elephants : 2.
8:11 of 1st period - Ryan Suzuki wins face-off versus Conor Geekie in neutral zone.
8:14 of 1st period - Luke Evangelista is hit by Josh Doan and loses puck.
8:48 of 1st period - Slapshot by Oliver Wahlstrom.
8:48 of 1st period - Shot Misses the Net.
9:02 of 1st period - Wrist shot by Joakim Kemell.
9:02 of 1st period - Stopped by Damian Clara without a rebound.
9:03 of 1st period - Ryan Suzuki wins face-off versus Colin White in Cape Breton Oilers zone.
9:26 of 1st period - Tyson Foerster is hit by Kevin Bahl and loses puck.
9:54 of 1st period - Snap shot by Max Jones.
9:54 of 1st period - Shot Misses the Net.
9:56 of 1st period - Slapshot by Wyatt Kaiser.
9:56 of 1st period - Shot Blocked by Isaiah George.
9:58 of 1st period - Slapshot by Wyatt Kaiser.
9:58 of 1st period - Stopped by Matthew Murray with a rebound.
10:00 of 1st period - Slapshot by Kevin Bahl.
10:00 of 1st period - Shot Blocked by Ryan Suzuki.
10:32 of 1st period - Icing by Tyson Foerster.
10:33 of 1st period - Ryan Suzuki wins face-off versus Conor Geekie in Adelaide Pink Elephants zone.
10:33 of 1st period - Ryan Suzuki is hit by Matt Luff.
10:59 of 1st period - Slapshot by Josh Doan.
10:59 of 1st period - Shot Misses the Net.
11:19 of 1st period - Wrist shot by Tyson Foerster.
11:19 of 1st period - Shot Misses the Net.
11:21 of 1st period - Slapshot by Isaiah George.
11:21 of 1st period - Shot Blocked by Carl Grundstrom.
11:23 of 1st period - Snap shot by Ilya Solovyov.
11:23 of 1st period - Deflect By Josh Doan.
11:23 of 1st period - Shot Blocked by Nolan Allan.
11:23 of 1st period - Puck is out of play.
11:24 of 1st period - Sean Farrell wins face-off versus Conor Geekie in Cape Breton Oilers zone.
11:25 of 1st period - Wrist shot by Oliver Wahlstrom.
11:25 of 1st period - Stopped by Damian Clara with a rebound.
11:54 of 1st period - Snap shot by Yegor Sidorov.
11:54 of 1st period - Stopped by Damian Clara without a rebound.
11:55 of 1st period - Dominic Toninato wins face-off versus Matyas Sapovaliv in Cape Breton Oilers zone.
12:02 of 1st period - Snap shot by Alexandre Texier.
12:02 of 1st period - Stopped by Matthew Murray with a rebound.
12:53 of 1st period - Minor Penalty to Maveric Lamoureux for Interference.
12:54 of 1st period - Conor Geekie wins face-off versus Matyas Sapovaliv in Adelaide Pink Elephants zone.
12:56 of 1st period - Wrist shot by Matt Luff.
12:56 of 1st period - Shot Misses the Net.
12:58 of 1st period - Slapshot by Nolan Allan.
12:58 of 1st period - Shot Blocked by Ville Heinola.
13:00 of 1st period - Slapshot by Vladislav Kolyachonok.
13:00 of 1st period - Deflect By Luke Evangelista.
13:00 of 1st period - Shot Blocked by Matyas Sapovaliv.
13:00 of 1st period - Puck is out of play.
13:01 of 1st period - Conor Geekie wins face-off versus Matyas Sapovaliv in Adelaide Pink Elephants zone.
13:12 of 1st period - Backhand shot by Conor Geekie.
13:12 of 1st period - Stopped by Matthew Murray without a rebound.
13:13 of 1st period - Dominic Toninato wins face-off versus Tyson Foerster in Adelaide Pink Elephants zone.
14:19 of 1st period - Kevin Bahl is hit by Ryan Suzuki and loses puck.
14:53 of 1st period - Penalty to Maveric Lamoureux is over, Maveric Lamoureux is back on ice.
14:57 of 1st period - Off-side.
14:58 of 1st period - Colin White wins face-off versus Matyas Sapovaliv in neutral zone.
15:01 of 1st period - Slapshot by Nolan Allan.
15:01 of 1st period - Shot Misses the Net.
15:07 of 1st period - Wrist shot by Max Jones.
15:07 of 1st period - Shot Blocked by Tristan Luneau.
15:09 of 1st period - Slapshot by Vladislav Kolyachonok.
15:09 of 1st period - Stopped by Matthew Murray without a rebound.
15:10 of 1st period - Sean Farrell wins face-off versus Dominic Toninato in Adelaide Pink Elephants zone.
15:40 of 1st period - Snap shot by Luke Evangelista.
15:40 of 1st period - Goal by Luke Evangelista - Cape Breton Oilers : 1 - Adelaide Pink Elephants : 2.
15:41 of 1st period - Conor Geekie wins face-off versus Akil Thomas in neutral zone.
15:52 of 1st period - Wrist shot by Conor Geekie.
15:52 of 1st period - Shot Misses the Net.
16:06 of 1st period - Alexandre Texier is hit by Maveric Lamoureux and loses puck.
16:15 of 1st period - Snap shot by Alexandre Texier.
16:15 of 1st period - Stopped by Matthew Murray without a rebound.
16:16 of 1st period - Luke Evangelista wins face-off versus Akil Thomas in Adelaide Pink Elephants zone.
16:19 of 1st period - Slapshot by Luke Evangelista.
16:19 of 1st period - Deflect By Brennan Othmann.
16:19 of 1st period - Deflect By Tyson Foerster.
16:19 of 1st period - Shot Misses the Net.
16:19 of 1st period - Puck is out of play.
16:20 of 1st period - Luke Evangelista wins face-off versus Akil Thomas in Adelaide Pink Elephants zone.
16:25 of 1st period - Slapshot by Brennan Othmann.
16:25 of 1st period - Shot Misses the Net.
16:31 of 1st period - Wrist shot by Luke Evangelista.
16:31 of 1st period - Stopped by Matthew Murray with a rebound.
18:13 of 1st period - Minor Penalty to Max Jones for Roughing.
18:14 of 1st period - Dominic Toninato wins face-off versus Julian Lutz in Cape Breton Oilers zone.
18:27 of 1st period - Slapshot by Oliver Wahlstrom.
18:27 of 1st period - Stopped by Damian Clara with a rebound.
18:29 of 1st period - Snap shot by Sean Farrell.
18:29 of 1st period - Shot Misses the Net.
18:39 of 1st period - Ryan Suzuki is hit by Dominic Toninato.
18:43 of 1st period - Wrist shot by Josh Doan.
18:43 of 1st period - Shot Misses the Net.
18:45 of 1st period - Snap shot by Josh Doan.
18:45 of 1st period - Shot Blocked by Wyatt Kaiser.
Goals for this period are 1 for Cape Breton Oilers vs 2 for Adelaide Pink Elephants.
Shots for this period are 9 for Cape Breton Oilers vs 13 for Adelaide Pink Elephants.

2nd period


0:01 of 2nd period - Dominic Toninato wins face-off versus Ryan Suzuki in neutral zone.
0:13 of 2nd period - Penalty to Max Jones is over, Max Jones is back on ice.
0:17 of 2nd period - Off-side.
0:18 of 2nd period - Conor Geekie wins face-off versus Matyas Sapovaliv in neutral zone.
0:33 of 2nd period - Wrist shot by Conor Geekie.
0:33 of 2nd period - Stopped by Matthew Murray without a rebound.
0:34 of 2nd period - Sean Farrell wins face-off versus Dominic Toninato in Adelaide Pink Elephants zone.
1:29 of 2nd period - Snap shot by Max Jones.
1:29 of 2nd period - Stopped by Matthew Murray with a rebound.
1:31 of 2nd period - Slapshot by Vladislav Kolyachonok.
1:31 of 2nd period - Shot Misses the Net.
1:43 of 2nd period - Snap shot by Alexandre Texier.
1:43 of 2nd period - Shot Misses the Net.
1:45 of 2nd period - Snap shot by Carl Grundstrom.
1:45 of 2nd period - Shot Misses the Net.
1:47 of 2nd period - Wrist shot by Seamus Casey.
1:47 of 2nd period - Deflect By Carl Grundstrom.
1:47 of 2nd period - Shot Misses the Net.
1:47 of 2nd period - Puck is out of play.
1:48 of 2nd period - Sean Farrell wins face-off versus Conor Geekie in Adelaide Pink Elephants zone.
1:55 of 2nd period - Wrist shot by Sean Farrell.
1:55 of 2nd period - Stopped by Damian Clara with a rebound.
1:57 of 2nd period - Snap shot by Julian Lutz.
1:57 of 2nd period - Stopped by Damian Clara without a rebound.
1:58 of 2nd period - Sean Farrell wins face-off versus Conor Geekie in Cape Breton Oilers zone.
2:09 of 2nd period - Wrist shot by Oliver Wahlstrom.
2:09 of 2nd period - Stopped by Damian Clara with a rebound.
2:11 of 2nd period - Wrist shot by Isaiah George.
2:11 of 2nd period - Stopped by Damian Clara with a rebound.
2:13 of 2nd period - Slapshot by Isaiah George.
2:13 of 2nd period - Shot Misses the Net.
2:15 of 2nd period - Snap shot by Sean Farrell.
2:15 of 2nd period - Goal by Sean Farrell - Cape Breton Oilers : 1 - Adelaide Pink Elephants : 3.
2:16 of 2nd period - Matyas Sapovaliv wins face-off versus Conor Geekie in neutral zone.
2:23 of 2nd period - Wrist shot by Joakim Kemell.
2:23 of 2nd period - Stopped by Damian Clara with a rebound.
2:25 of 2nd period - Slapshot by Tristan Luneau.
2:25 of 2nd period - Stopped by Damian Clara without a rebound.
2:25 of 2nd period - Minor Penalty to Damian Clara for Slashing.
2:26 of 2nd period - Sean Farrell wins face-off versus Dominic Toninato in Cape Breton Oilers zone.
3:44 of 2nd period - Snap shot by Josh Doan.
3:44 of 2nd period - Stopped by Damian Clara without a rebound.
3:45 of 2nd period - Dominic Toninato wins face-off versus Ryan Suzuki in Cape Breton Oilers zone.
3:54 of 2nd period - Wrist shot by Ryan Suzuki.
3:54 of 2nd period - Shot Misses the Net.
4:25 of 2nd period - Penalty to Matt Luff is over, Matt Luff is back on ice.
4:36 of 2nd period - Wrist shot by Yegor Sidorov.
4:36 of 2nd period - Shot Misses the Net.
4:38 of 2nd period - Slapshot by Ville Heinola.
4:38 of 2nd period - Stopped by Damian Clara with a rebound.
4:40 of 2nd period - Wrist shot by Joakim Kemell.
4:40 of 2nd period - Stopped by Damian Clara without a rebound.
4:41 of 2nd period - Colin White wins face-off versus Matyas Sapovaliv in Cape Breton Oilers zone.
4:46 of 2nd period - Colin White is hit by Yegor Sidorov and loses puck.
6:29 of 2nd period - Max Jones is hit by Ryan Suzuki and loses puck.
6:56 of 2nd period - Ryan Suzuki is hit by Matt Luff and loses puck.
7:15 of 2nd period - Julian Lutz is hit by Kevin Bahl and loses puck.
8:06 of 2nd period - Slapshot by Seamus Casey.
8:06 of 2nd period - Stopped by Matthew Murray without a rebound.
8:07 of 2nd period - Luke Evangelista wins face-off versus Matyas Sapovaliv in Adelaide Pink Elephants zone.
8:12 of 2nd period - Snap shot by Brennan Othmann.
8:12 of 2nd period - Shot Misses the Net.
8:14 of 2nd period - Wrist shot by Chase Stillman.
8:14 of 2nd period - Shot Misses the Net.
8:16 of 2nd period - Slapshot by Brennan Othmann.
8:16 of 2nd period - Deflect By Luke Evangelista.
8:16 of 2nd period - Stopped by Matthew Murray with a rebound.
8:34 of 2nd period - Wrist shot by Max Jones.
8:34 of 2nd period - Shot Misses the Net.
8:50 of 2nd period - Icing by Matyas Sapovaliv.
8:51 of 2nd period - Dominic Toninato wins face-off versus Matyas Sapovaliv in Adelaide Pink Elephants zone.
8:52 of 2nd period - Backhand shot by Carl Grundstrom.
8:52 of 2nd period - Shot Misses the Net.
9:08 of 2nd period - Backhand shot by Matyas Sapovaliv.
9:08 of 2nd period - Shot Misses the Net.
9:10 of 2nd period - Snap shot by Matyas Sapovaliv.
9:10 of 2nd period - Shot Misses the Net.
9:12 of 2nd period - Wrist shot by Yegor Sidorov.
9:12 of 2nd period - Shot Misses the Net.
9:14 of 2nd period - Slapshot by Isaiah George.
9:14 of 2nd period - Deflect By Joakim Kemell.
9:14 of 2nd period - Stopped by Damian Clara with a rebound.
9:16 of 2nd period - Wrist shot by Ilya Solovyov.
9:16 of 2nd period - Stopped by Damian Clara with a rebound.
9:18 of 2nd period - Wrist shot by Yegor Sidorov.
9:18 of 2nd period - Shot Misses the Net.
9:20 of 2nd period - Snap shot by Isaiah George.
9:20 of 2nd period - Deflect By Yegor Sidorov.
9:20 of 2nd period - Shot Blocked by Vladislav Kolyachonok.
9:20 of 2nd period - Puck is out of play.
9:21 of 2nd period - Ryan Suzuki wins face-off versus Conor Geekie in Cape Breton Oilers zone.
9:30 of 2nd period - Snap shot by Ryan Suzuki.
9:30 of 2nd period - Shot Blocked by Wyatt Kaiser.
9:39 of 2nd period - Minor Penalty to Kevin Bahl for High sticking.
9:40 of 2nd period - Ryan Suzuki wins face-off versus Luke Evangelista in Cape Breton Oilers zone.
10:10 of 2nd period - Sean Farrell is hit by William Trudeau and loses puck.
10:17 of 2nd period - Slapshot by Tristan Luneau.
10:17 of 2nd period - Stopped by Damian Clara with a rebound.
10:46 of 2nd period - Conor Geekie is hit by Ilya Solovyov and loses puck.
11:39 of 2nd period - Penalty to Kevin Bahl is over, Kevin Bahl is back on ice.
12:11 of 2nd period - Daemon Hunt is hit by Max Jones and loses puck.
12:34 of 2nd period - Julian Lutz is hit by Nolan Allan and loses puck.
13:33 of 2nd period - Snap shot by Akil Thomas.
13:33 of 2nd period - Shot Blocked by Nolan Allan.
13:49 of 2nd period - Carl Grundstrom is hit by Joakim Kemell and loses puck.
14:10 of 2nd period - Sean Farrell is hit by Max Jones.
15:08 of 2nd period - Icing by Conor Geekie.
15:09 of 2nd period - Dominic Toninato wins face-off versus Matyas Sapovaliv in Cape Breton Oilers zone.
15:18 of 2nd period - Wrist shot by Alexandre Texier.
15:18 of 2nd period - Shot Misses the Net.
15:20 of 2nd period - Wrist shot by Dominic Toninato.
15:20 of 2nd period - Shot Misses the Net.
15:51 of 2nd period - Tyson Foerster is hit by Brennan Othmann and loses puck.
16:18 of 2nd period - Wrist shot by Carl Grundstrom.
16:18 of 2nd period - Shot Misses the Net.
16:43 of 2nd period - Slapshot by Kevin Bahl.
16:43 of 2nd period - Shot Blocked by Tyson Foerster.
16:45 of 2nd period - Slapshot by Colin White.
16:45 of 2nd period - Deflect By Maxim Groshev.
16:45 of 2nd period - Stopped by Matthew Murray without a rebound.
16:46 of 2nd period - Colin White wins face-off versus Yegor Sidorov in Adelaide Pink Elephants zone.
17:03 of 2nd period - Slapshot by Sean Farrell.
17:03 of 2nd period - Goal by Sean Farrell - Cape Breton Oilers : 1 - Adelaide Pink Elephants : 4.
17:04 of 2nd period - Conor Geekie wins face-off versus Ryan Suzuki in neutral zone.
17:09 of 2nd period - Snap shot by Conor Geekie.
17:09 of 2nd period - Stopped by Matthew Murray with a rebound.
17:11 of 2nd period - Snap shot by Wyatt Kaiser.
17:11 of 2nd period - Shot Misses the Net.
17:13 of 2nd period - Slapshot by Kevin Bahl.
17:13 of 2nd period - Shot Misses the Net.
17:15 of 2nd period - Slapshot by Matt Luff.
17:15 of 2nd period - Shot Misses the Net.
17:17 of 2nd period - Slapshot by Kevin Bahl.
17:17 of 2nd period - Shot Blocked by Josh Doan.
17:19 of 2nd period - Slapshot by Kevin Bahl.
17:19 of 2nd period - Stopped by Matthew Murray without a rebound.
17:20 of 2nd period - Alexandre Texier wins face-off versus Oliver Wahlstrom in Adelaide Pink Elephants zone.
17:35 of 2nd period - Wrist shot by Oliver Wahlstrom.
17:35 of 2nd period - Stopped by Damian Clara without a rebound.
17:36 of 2nd period - Conor Geekie wins face-off versus Ryan Suzuki in Cape Breton Oilers zone.
17:43 of 2nd period - Snap shot by Conor Geekie.
17:43 of 2nd period - Shot Blocked by Tyson Foerster.
17:45 of 2nd period - Slapshot by Matt Luff.
17:45 of 2nd period - Stopped by Matthew Murray without a rebound.
17:46 of 2nd period - Ryan Suzuki wins face-off versus Conor Geekie in Adelaide Pink Elephants zone.
18:06 of 2nd period - Off-side.
18:07 of 2nd period - Dominic Toninato wins face-off versus Julian Lutz in neutral zone.
18:10 of 2nd period - Slapshot by Carl Grundstrom.
18:10 of 2nd period - Shot Misses the Net.
18:12 of 2nd period - Slapshot by Nolan Allan.
18:12 of 2nd period - Deflect By Ilya Solovyov.
18:12 of 2nd period - Stopped by Matthew Murray with a rebound.
18:14 of 2nd period - Slapshot by Nolan Allan.
18:14 of 2nd period - Deflect By Carl Grundstrom.
18:14 of 2nd period - Stopped by Matthew Murray with a rebound.
18:39 of 2nd period - Slapshot by Tyson Foerster.
18:39 of 2nd period - Shot Misses the Net.
18:41 of 2nd period - Slapshot by Ryan Suzuki.
18:41 of 2nd period - Stopped by Damian Clara with a rebound.
18:59 of 2nd period - Snap shot by Matt Luff.
18:59 of 2nd period - Deflect By Conor Geekie.
18:59 of 2nd period - Shot Blocked by Maveric Lamoureux.
18:59 of 2nd period - Puck is out of play.
19:00 of 2nd period - Matyas Sapovaliv wins face-off versus Dominic Toninato in Adelaide Pink Elephants zone.
19:25 of 2nd period - Kevin Bahl is hit by Maveric Lamoureux and loses puck.
19:32 of 2nd period - Josh Doan is hit by Max Jones and loses puck.
19:53 of 2nd period - Wrist shot by Brennan Othmann.
19:53 of 2nd period - Stopped by Matthew Murray with a rebound.
Goals for this period are 0 for Cape Breton Oilers vs 2 for Adelaide Pink Elephants.
Shots for this period are 11 for Cape Breton Oilers vs 16 for Adelaide Pink Elephants.

3rd period


0:01 of 3rd period - Ryan Suzuki wins face-off versus Conor Geekie in neutral zone.
0:18 of 3rd period - Minor Penalty to Kevin Bahl for Holding.
0:19 of 3rd period - Dominic Toninato wins face-off versus Sean Farrell in Cape Breton Oilers zone.
0:39 of 3rd period - Nolan Allan is hit by Maveric Lamoureux.
2:18 of 3rd period - Penalty to Kevin Bahl is over, Kevin Bahl is back on ice.
2:29 of 3rd period - Snap shot by Yegor Sidorov.
2:29 of 3rd period - Stopped by Damian Clara with a rebound.
2:31 of 3rd period - Snap shot by Daemon Hunt.
2:31 of 3rd period - Stopped by Damian Clara with a rebound.
2:33 of 3rd period - Slapshot by Ville Heinola.
2:33 of 3rd period - Shot Blocked by Seamus Casey.
2:35 of 3rd period - Wrist shot by Yegor Sidorov.
2:35 of 3rd period - Shot Misses the Net.
2:37 of 3rd period - Snap shot by Matyas Sapovaliv.
2:37 of 3rd period - Stopped by Damian Clara with a rebound.
2:47 of 3rd period - Max Jones is hit by Akil Thomas and loses puck.
3:07 of 3rd period - Icing by Seamus Casey.
3:08 of 3rd period - Sean Farrell wins face-off versus Luke Evangelista in Cape Breton Oilers zone.
3:21 of 3rd period - Snap shot by Tyson Foerster.
3:21 of 3rd period - Shot Blocked by Wyatt Kaiser.
3:37 of 3rd period - Slapshot by Alexandre Texier.
3:37 of 3rd period - Stopped by Matthew Murray without a rebound.
3:38 of 3rd period - Sean Farrell wins face-off versus Carl Grundstrom in Adelaide Pink Elephants zone.
3:55 of 3rd period - Penalty Shot by Maveric Lamoureux for Adelaide Pink Elephants.
3:55 of 3rd period - Wrist shot by Maveric Lamoureux.
3:55 of 3rd period - Goal by Maveric Lamoureux - Cape Breton Oilers : 1 - Adelaide Pink Elephants : 5.
3:56 of 3rd period - Conor Geekie wins face-off versus Ryan Suzuki in neutral zone.
3:57 of 3rd period - Ryan Suzuki wins face-off versus Conor Geekie in Adelaide Pink Elephants zone.
4:00 of 3rd period - Minor Penalty to Maveric Lamoureux for Interference.
4:01 of 3rd period - Dominic Toninato wins face-off versus Tyson Foerster in Adelaide Pink Elephants zone.
4:01 of 3rd period - Snap shot by Alexandre Texier.
4:01 of 3rd period - Stopped by Matthew Murray without a rebound.
4:02 of 3rd period - Tyson Foerster wins face-off versus Alexandre Texier in Adelaide Pink Elephants zone.
6:00 of 3rd period - Penalty to Maveric Lamoureux is over, Maveric Lamoureux is back on ice.
6:04 of 3rd period - Snap shot by Ryan Suzuki.
6:04 of 3rd period - Shot Misses the Net.
6:06 of 3rd period - Snap shot by Ryan Suzuki.
6:06 of 3rd period - Goal by Ryan Suzuki - Cape Breton Oilers : 1 - Adelaide Pink Elephants : 6.
6:07 of 3rd period - Matyas Sapovaliv wins face-off versus Colin White in neutral zone.
6:16 of 3rd period - Wrist shot by Joakim Kemell.
6:16 of 3rd period - Stopped by Damian Clara without a rebound.
6:17 of 3rd period - Matyas Sapovaliv wins face-off versus Colin White in Cape Breton Oilers zone.
6:48 of 3rd period - Wyatt Kaiser is hit by Yegor Sidorov and loses puck.
7:29 of 3rd period - Colin White is hit by Joakim Kemell and loses puck.
7:34 of 3rd period - Snap shot by Joakim Kemell.
7:34 of 3rd period - Stopped by Damian Clara without a rebound.
7:35 of 3rd period - Conor Geekie wins face-off versus Ryan Suzuki in Cape Breton Oilers zone.
7:39 of 3rd period - Off-side.
7:40 of 3rd period - Tyson Foerster wins face-off versus Conor Geekie in neutral zone.
7:44 of 3rd period - Maveric Lamoureux and Vladislav Kolyachonok fight to a draw.
7:44 of 3rd period - Penalty to Maveric Lamoureux for Fighting.
7:44 of 3rd period - Penalty to Vladislav Kolyachonok for Fighting.
7:44 of 3rd period - Penalty to Maveric Lamoureux for instigated a fight.
7:44 of 3rd period - Penalty to Maveric Lamoureux for instigated a fight.
7:45 of 3rd period - Dominic Toninato wins face-off versus Ryan Suzuki in Cape Breton Oilers zone.
7:50 of 3rd period - Oliver Wahlstrom is hit by Dominic Toninato and loses puck.
7:55 of 3rd period - Slapshot by Alexandre Texier.
7:55 of 3rd period - Stopped by Matthew Murray without a rebound.
7:56 of 3rd period - Tyson Foerster wins face-off versus Dominic Toninato in Adelaide Pink Elephants zone.
8:09 of 3rd period - Snap shot by Alexandre Texier.
8:09 of 3rd period - Shot Misses the Net.
8:29 of 3rd period - Snap shot by Matt Luff.
8:29 of 3rd period - Stopped by Matthew Murray with a rebound.
8:31 of 3rd period - Snap shot by Conor Geekie.
8:31 of 3rd period - Deflect By Luke Evangelista.
8:31 of 3rd period - Shot Misses the Net.
8:31 of 3rd period - Puck is out of play.
8:32 of 3rd period - Ryan Suzuki wins face-off versus Conor Geekie in Adelaide Pink Elephants zone.
8:58 of 3rd period - Wrist shot by Matt Luff.
8:58 of 3rd period - Stopped by Matthew Murray without a rebound.
8:59 of 3rd period - Ryan Suzuki wins face-off versus Dominic Toninato in Adelaide Pink Elephants zone.
9:19 of 3rd period - Icing by Carl Grundstrom.
9:20 of 3rd period - Ryan Suzuki wins face-off versus Dominic Toninato in Cape Breton Oilers zone.
9:21 of 3rd period - Slapshot by Oliver Wahlstrom.
9:21 of 3rd period - Stopped by Damian Clara with a rebound.
9:44 of 3rd period - Penalty to Maveric Lamoureux is over, Matyas Sapovaliv is send on ice.
10:01 of 3rd period - Tristan Luneau is hit by Carl Grundstrom and loses puck.
10:10 of 3rd period - Wrist shot by Alexandre Texier.
10:10 of 3rd period - Shot Blocked by Tyson Foerster.
10:12 of 3rd period - Wrist shot by Dominic Toninato.
10:12 of 3rd period - Stopped by Matthew Murray with a rebound.
10:14 of 3rd period - Slapshot by Dominic Toninato.
10:14 of 3rd period - Shot Misses the Net.
10:16 of 3rd period - Backhand shot by Alexandre Texier.
10:16 of 3rd period - Stopped by Matthew Murray without a rebound.
10:17 of 3rd period - Conor Geekie wins face-off versus Julian Lutz in Adelaide Pink Elephants zone.
10:18 of 3rd period - Slapshot by Luke Evangelista.
10:18 of 3rd period - Stopped by Matthew Murray with a rebound.
10:20 of 3rd period - Slapshot by Seamus Casey.
10:20 of 3rd period - Stopped by Matthew Murray without a rebound.
10:21 of 3rd period - Sean Farrell wins face-off versus Conor Geekie in Adelaide Pink Elephants zone.
10:33 of 3rd period - Ilya Solovyov is hit by Nolan Allan and loses puck.
10:52 of 3rd period - Max Jones is hit by Joakim Kemell and loses puck.
11:23 of 3rd period - Snap shot by Maxim Groshev.
11:23 of 3rd period - Stopped by Matthew Murray without a rebound.
11:24 of 3rd period - Sean Farrell wins face-off versus Conor Geekie in Adelaide Pink Elephants zone.
11:37 of 3rd period - Wrist shot by Luke Evangelista.
11:37 of 3rd period - Shot Blocked by Tristan Luneau.
11:56 of 3rd period - Tyson Foerster is hit by Carl Grundstrom and loses puck.
12:15 of 3rd period - Chase Stillman is hit by Joakim Kemell and loses puck.
12:40 of 3rd period - Wrist shot by Josh Doan.
12:40 of 3rd period - Stopped by Damian Clara with a rebound.
12:57 of 3rd period - Sean Farrell is hit by Maxim Groshev and loses puck.
13:12 of 3rd period - Snap shot by Colin White.
13:12 of 3rd period - Shot Misses the Net.
13:32 of 3rd period - Snap shot by Sean Farrell.
13:32 of 3rd period - Stopped by Damian Clara with a rebound.
13:34 of 3rd period - Slapshot by Carson Lambos.
13:34 of 3rd period - Shot Blocked by Wyatt Kaiser.
13:36 of 3rd period - Snap shot by Tristan Luneau.
13:36 of 3rd period - Deflect By Sean Farrell.
13:36 of 3rd period - Stopped by Damian Clara with a rebound.
13:52 of 3rd period - Wrist shot by Oliver Wahlstrom.
13:52 of 3rd period - Shot Misses the Net.
13:54 of 3rd period - Snap shot by Carson Lambos.
13:54 of 3rd period - Shot Blocked by Max Jones.
13:56 of 3rd period - Snap shot by Tristan Luneau.
13:56 of 3rd period - Deflect By Sean Farrell.
13:56 of 3rd period - Shot Misses the Net.
13:56 of 3rd period - Puck is out of play.
13:57 of 3rd period - Tyson Foerster wins face-off versus Conor Geekie in Cape Breton Oilers zone.
13:58 of 3rd period - Snap shot by Josh Doan.
13:58 of 3rd period - Deflect By Tyson Foerster.
13:58 of 3rd period - Shot Blocked by Conor Geekie.
13:58 of 3rd period - Puck is out of play.
13:59 of 3rd period - Conor Geekie wins face-off versus Ryan Suzuki in Cape Breton Oilers zone.
13:59 of 3rd period - Conor Geekie is hit by Ryan Suzuki.
14:09 of 3rd period - Slapshot by Seamus Casey.
14:09 of 3rd period - Shot Misses the Net.
14:11 of 3rd period - Wrist shot by Conor Geekie.
14:11 of 3rd period - Shot Blocked by Ryan Suzuki.
14:13 of 3rd period - Wrist shot by Luke Evangelista.
14:13 of 3rd period - Stopped by Matthew Murray with a rebound.
14:15 of 3rd period - Snap shot by Matt Luff.
14:15 of 3rd period - Stopped by Matthew Murray with a rebound.
18:36 of 3rd period - Icing by Maxim Groshev.
18:37 of 3rd period - Dominic Toninato wins face-off versus Akil Thomas in Cape Breton Oilers zone.
18:44 of 3rd period - Slapshot by Seamus Casey.
18:44 of 3rd period - Stopped by Matthew Murray without a rebound.
18:45 of 3rd period - Sean Farrell wins face-off versus Alexandre Texier in Adelaide Pink Elephants zone.
18:54 of 3rd period - Off-side.
18:55 of 3rd period - Dominic Toninato wins face-off versus Sean Farrell in neutral zone.
19:04 of 3rd period - Wrist shot by Carl Grundstrom.
19:04 of 3rd period - Shot Misses the Net.
19:06 of 3rd period - Slapshot by William Trudeau.
19:06 of 3rd period - Stopped by Matthew Murray with a rebound.
19:08 of 3rd period - Slapshot by Seamus Casey.
19:08 of 3rd period - Shot Misses the Net.
19:10 of 3rd period - Slapshot by Seamus Casey.
19:10 of 3rd period - Shot Blocked by Julian Lutz.
19:12 of 3rd period - Slapshot by Alexandre Texier.
19:12 of 3rd period - Shot Misses the Net.
19:14 of 3rd period - Wrist shot by Alexandre Texier.
19:14 of 3rd period - Shot Misses the Net.
19:16 of 3rd period - Wrist shot by Alexandre Texier.
19:16 of 3rd period - Deflect By Carl Grundstrom.
19:16 of 3rd period - Shot Misses the Net.
19:16 of 3rd period - Puck is out of play.
19:17 of 3rd period - Ryan Suzuki wins face-off versus Conor Geekie in Adelaide Pink Elephants zone.
19:31 of 3rd period - Slapshot by Nolan Allan.
19:31 of 3rd period - Stopped by Matthew Murray with a rebound.
19:33 of 3rd period - Slapshot by Conor Geekie.
19:33 of 3rd period - Stopped by Matthew Murray without a rebound.
19:34 of 3rd period - Dominic Toninato wins face-off versus Sean Farrell in Adelaide Pink Elephants zone.
19:35 of 3rd period - Snap shot by Alexandre Texier.
19:35 of 3rd period - Shot Blocked by Tristan Luneau.
19:37 of 3rd period - Wrist shot by Dominic Toninato.
19:37 of 3rd period - Stopped by Matthew Murray with a rebound.
19:39 of 3rd period - Slapshot by Dominic Toninato.
19:39 of 3rd period - Stopped by Matthew Murray with a rebound.
19:44 of 3rd period - Minor Penalty to Dominic Toninato for Hooking.
19:45 of 3rd period - Sean Farrell wins face-off versus Luke Evangelista in Cape Breton Oilers zone.
19:51 of 3rd period - Snap shot by Oliver Wahlstrom.
19:51 of 3rd period - Shot Misses the Net.
19:55 of 3rd period - Snap shot by Oliver Wahlstrom.
19:55 of 3rd period - Goal by Oliver Wahlstrom - Cape Breton Oilers : 1 - Adelaide Pink Elephants : 7.
19:56 of 3rd period - Ryan Suzuki wins face-off versus Conor Geekie in neutral zone.
Goals for this period are 0 for Cape Breton Oilers vs 3 for Adelaide Pink Elephants.
Shots for this period are 18 for Cape Breton Oilers vs 11 for Adelaide Pink Elephants.